[ PARTIDA AOE2 · #485774157 ]
UnrankedTupíes vs Ethiopians
Equipo del jugador · DERR
[ ANÁLISIS DE REPETICIÓN · EXTRAÍDO DE LA PARTIDA GRABADA ]
Feudal
9:52
Castillos
31:21
Imperial
—
| APM promedio | 18.4 |
| APM pico | 34 |
| eAPM promedio | 10.8 |
| Aldeanos / militares | 87 / 127 |
Foco
⚔️ 24.1% · 🌾 75.9%
Archer ×100 · Spearman ×24 · Mangonel ×3
Feudal
10:35
Castillos
15:03
Imperial
—
| APM promedio | 15.4 |
| APM pico | 64 |
| eAPM promedio | 8.8 |
| Aldeanos / militares | 68 / 15 |
Foco
⚔️ 14.3% · 🌾 85.7%
Archer ×15
Feudal
8:45
Castillos
21:27
Imperial
—
| APM promedio | 35.8 |
| APM pico | 66 |
| eAPM promedio | 18.8 |
| Aldeanos / militares | 91 / 94 |
Foco
⚔️ 36.1% · 🌾 63.9%
Knight ×79 · Scout Cavalry ×12 · Spearman ×3
Feudal
11:22
Castillos
23:18
Imperial
—
| APM promedio | 17.8 |
| APM pico | 46 |
| eAPM promedio | 10.3 |
| Aldeanos / militares | 61 / 23 |
Foco
⚔️ 21.7% · 🌾 78.3%
Spearman ×15 · Knight ×6 · Scout Cavalry ×2
Feudal
9:44
Castillos
22:53
Imperial
—
| APM promedio | 55.3 |
| APM pico | 92 |
| eAPM promedio | 20.9 |
| Aldeanos / militares | 84 / 47 |
Foco
⚔️ 23.8% · 🌾 76.2%
Steppe Lancer ×19 · Camel Scout ×16 · Scout Cavalry ×9 · Mangonel ×2 · Monk ×1
Feudal
12:14
Castillos
16:42
Imperial
38:47
| APM promedio | 37.8 |
| APM pico | 69 |
| eAPM promedio | 22.0 |
| Aldeanos / militares | 91 / 9 |
Foco
⚔️ 26.7% · 🌾 73.3%
Unknown (1962) ×38 · Unknown (1959) ×34 · Battering Ram ×7 · Monk ×2
Mapa de la partida
Recursos iniciales + cada clic de construcción. Líneas = muros · curvas = relieve. ◆ oro · ⬟ piedra · ● bayas · ✦ reliquia · ◌ hueco del cierre
Tu base· ✓ Cerrada en 31:21 · 0t muro · 2 puerta(s)
Base de Catamenio· Abierta — flanco sin cerrar
Base de ☘[4:20]☘Rolando Mottha del C· Abierta — hueco de 2t
Base de Bomboroyo· Abierta — hueco de 5t
Base de RuZz· Abierta — hueco de 5t
Base de ☘ [4:20] ☘ Raperz11· Abierta — flanco sin cerrar
Terreno inicial suavizado · ◌ = hueco del cierre detectado · pasá el cursor para detalles
Inputs por minuto
— Moneymaker9595 - - Catamenio
Build order — Moneymaker9595
Primeras 150 de 236 acciones detectadas
| 0:00 | Crear | Villager (Male) |
| 0:00 | Crear | Villager (Male) |
| 0:01 | Crear | Villager (Male) |
| 0:02 | Construir | House |
| 0:04 | Construir | House |
| 0:06 | Crear | Villager (Male) |
| 1:01 | Crear | Villager (Male) |
| 1:26 | Crear | Villager (Male) |
| 1:26 | Crear | Villager (Male) |
| 1:58 | Crear | Villager (Male) |
| 2:15 | Crear | Villager (Male) |
| 2:35 | Construir | Settlement |
| 2:46 | Construir | House |
| 2:52 | Crear | Villager (Male) |
| 3:30 | Crear | Villager (Male) |
| 4:10 | Crear | Villager (Male) |
| 4:10 | Crear | Villager (Male) |
| 4:36 | Crear | Villager (Male) |
| 4:36 | Crear | Villager (Male) |
| 5:24 | Crear | Villager (Male) |
| 5:24 | Crear | Villager (Male) |
| 5:24 | Crear | Villager (Male) |
| 5:59 | Investigar | Loom |
| 6:02 | Crear | Villager (Male) |
| 7:02 | Crear | Villager (Male) |
| 7:42 | Investigar | Feudal Age |
| 8:04 | Construir | Settlement |
| 9:14 | Construir | Barracks |
| 9:21 | Construir | Settlement |
| 9:37 | Crear | Villager (Male) |
| 9:39 | Crear | Villager (Male) |
| 9:41 | Crear | Villager (Male) |
| 9:42 | Crear | Villager (Male) |
| 9:52 | Edad | Edad Feudal |
| 9:55 | Investigar | Double-Bit Axe |
| 10:02 | Construir | Archery Range |
| 10:40 | Construir | Archery Range |
| 10:47 | Construir | House |
| 10:54 | Crear | Villager (Male) |
| 11:24 | Crear | Spearman |
| 11:24 | Crear | Spearman |
| 11:48 | Construir | Blacksmith |
| 11:57 | Crear | Villager (Male) |
| 12:25 | Crear | Archer ×5 |
| 12:26 | Crear | Archer ×2 |
| 12:41 | Crear | Villager (Male) |
| 12:41 | Crear | Villager (Male) |
| 13:00 | Construir | House |
| 13:09 | Construir | Gate |
| 13:12 | Construir | House |
| 13:15 | Construir | House |
| 13:18 | Construir | House |
| 13:21 | Construir | House |
| 13:26 | Crear | Villager (Male) |
| 13:37 | Crear | Villager (Male) |
| 13:41 | Construir | Farm |
| 13:43 | Construir | Farm |
| 13:45 | Construir | Farm |
| 13:49 | Construir | Farm |
| 13:50 | Construir | Farm |
| 13:57 | Construir | Farm |
| 14:09 | Crear | Villager (Male) |
| 14:09 | Crear | Villager (Male) |
| 14:34 | Crear | Spearman |
| 14:35 | Crear | Spearman |
| 14:35 | Crear | Spearman |
| 14:58 | Crear | Villager (Male) |
| 14:58 | Crear | Villager (Male) |
| 15:27 | Crear | Villager (Male) |
| 15:27 | Crear | Villager (Male) |
| 15:47 | Crear | Villager (Male) |
| 15:47 | Crear | Villager (Male) |
| 15:57 | Crear | Archer ×4 |
| 16:11 | Crear | Spearman |
| 16:12 | Crear | Spearman |
| 16:26 | Crear | Villager (Male) |
| 16:29 | Crear | Archer |
| 16:30 | Crear | Archer |
| 17:12 | Crear | Villager (Male) |
| 17:23 | Crear | Villager (Male) |
| 17:43 | Crear | Villager (Male) |
| 17:43 | Crear | Villager (Male) |
| 17:43 | Crear | Villager (Male) |
| 18:01 | Crear | Villager (Male) |
| 18:43 | Construir | House |
| 18:45 | Construir | House |
| 18:53 | Construir | House |
| 18:55 | Construir | House |
| 18:56 | Construir | House |
| 18:59 | Construir | House |
| 19:00 | Construir | House |
| 19:16 | Construir | Farm |
| 19:17 | Construir | Farm |
| 19:20 | Construir | Farm |
| 19:29 | Construir | House |
| 19:31 | Construir | House |
| 19:32 | Construir | House |
| 19:33 | Construir | House |
| 19:34 | Construir | House |
| 19:35 | Construir | House |
| 19:36 | Construir | House |
| 19:38 | Construir | House |
| 19:40 | Construir | House |
| 19:46 | Construir | Gate |
| 20:05 | Crear | Villager (Male) |
| 20:06 | Crear | Villager (Male) |
| 20:06 | Crear | Villager (Male) |
| 20:06 | Crear | Villager (Male) |
| 20:06 | Crear | Villager (Male) |
| 20:37 | Crear | Villager (Male) |
| 21:06 | Crear | Spearman |
| 21:06 | Crear | Spearman |
| 21:06 | Crear | Spearman |
| 21:09 | Crear | Archer ×5 |
| 21:09 | Crear | Archer ×5 |
| 21:09 | Crear | Archer ×5 |
| 21:46 | Construir | House |
| 21:48 | Construir | House |
| 21:49 | Construir | House |
| 21:50 | Construir | House |
| 21:52 | Construir | House |
| 21:58 | Construir | House |
| 22:00 | Construir | House |
| 22:01 | Construir | House |
| 22:03 | Construir | House |
| 22:05 | Construir | House |
| 22:06 | Construir | House |
| 22:09 | Construir | House |
| 22:10 | Construir | House |
| 22:13 | Construir | House |
| 22:17 | Construir | House |
| 22:18 | Construir | House |
| 22:20 | Construir | House |
| 22:43 | Construir | Farm |
| 22:43 | Construir | Farm |
| 22:44 | Construir | Farm |
| 22:44 | Construir | Farm |
| 22:53 | Construir | Farm |
| 22:54 | Construir | Farm |
| 22:54 | Construir | Farm |
| 24:11 | Investigar | Fletching |
| 25:13 | Crear | Villager (Male) |
| 25:14 | Crear | Villager (Male) |
| 25:14 | Crear | Villager (Male) |
| 25:24 | Construir | Farm |
| 25:25 | Construir | Farm |
| 25:25 | Construir | Farm |
| 25:26 | Construir | Farm |
| 25:31 | Construir | Farm |
| 25:37 | Construir | Farm |
Build order — Catamenio
145 acciones detectadas en el replay
| 0:00 | Crear | Villager (Male) |
| 0:01 | Crear | Villager (Male) |
| 0:01 | Crear | Villager (Male) |
| 0:02 | Construir | House |
| 0:04 | Construir | House |
| 0:27 | Crear | Villager (Male) |
| 1:29 | Crear | Villager (Male) |
| 1:59 | Crear | Villager (Male) |
| 2:11 | Crear | Villager (Male) |
| 2:42 | Construir | Lumber Camp |
| 2:44 | Crear | Villager (Male) |
| 2:58 | Crear | Villager (Male) |
| 3:43 | Crear | Villager (Male) |
| 3:43 | Crear | Villager (Male) |
| 3:51 | Construir | House |
| 4:19 | Investigar | Loom |
| 4:20 | Crear | Villager (Male) |
| 5:12 | Crear | Villager (Male) |
| 5:13 | Crear | Villager (Male) |
| 5:21 | Construir | Mill |
| 6:14 | Crear | Villager (Male) |
| 6:14 | Crear | Villager (Male) |
| 6:14 | Crear | Villager (Male) |
| 6:15 | Crear | Villager (Male) |
| 6:22 | Construir | House |
| 7:15 | Construir | Mill |
| 7:26 | Crear | Villager (Male) |
| 8:25 | Investigar | Feudal Age |
| 8:46 | Construir | Mining Camp |
| 9:24 | Crear | Villager (Male) |
| 9:38 | Crear | Villager (Male) |
| 10:35 | Edad | Edad Feudal |
| 10:49 | Construir | Market |
| 10:52 | Crear | Villager (Male) |
| 11:07 | Construir | House |
| 11:10 | Construir | House |
| 11:53 | Construir | Blacksmith |
| 11:58 | Crear | Villager (Male) |
| 12:20 | Investigar | Castle Age |
| 12:34 | Investigar | Horse Collar |
| 12:44 | Construir | Farm |
| 12:45 | Construir | Farm |
| 12:58 | Investigar | Double-Bit Axe |
| 13:24 | Construir | Farm |
| 13:29 | Construir | Farm |
| 14:00 | Construir | Palisade Wall |
| 14:09 | Construir | House |
| 14:10 | Construir | House |
| 14:38 | Construir | Barracks |
| 15:03 | Edad | Edad de los Castillos |
| 15:15 | Crear | Villager (Male) |
| 15:39 | Construir | Town Center |
| 15:54 | Construir | House |
| 17:07 | Construir | Palisade Wall |
| 17:19 | Crear | Villager (Male) |
| 17:23 | Crear | Villager (Male) |
| 17:23 | Crear | Villager (Male) |
| 17:23 | Crear | Villager (Male) |
| 17:39 | Construir | Town Center |
| 17:47 | Crear | Villager (Male) |
| 17:47 | Crear | Villager (Male) |
| 17:52 | Investigar | Bow Saw |
| 17:56 | Construir | Farm |
| 18:02 | Construir | Farm |
| 18:02 | Construir | Farm |
| 18:03 | Construir | Farm |
| 18:59 | Crear | Villager (Male) |
| 18:59 | Crear | Villager (Male) |
| 18:59 | Crear | Villager (Male) |
| 19:13 | Construir | Archery Range |
| 19:27 | Construir | Farm |
| 19:34 | Crear | Villager (Male) |
| 19:34 | Crear | Villager (Male) |
| 20:23 | Construir | Archery Range |
| 20:35 | Construir | Farm |
| 20:38 | Crear | Villager (Male) |
| 20:39 | Crear | Villager (Male) |
| 21:47 | Investigar | Fletching |
| 22:03 | Investigar | Stone Mining |
| 22:44 | Crear | Archer |
| 22:45 | Crear | Archer |
| 22:45 | Crear | Archer |
| 22:46 | Crear | Archer |
| 23:21 | Crear | Archer |
| 23:21 | Crear | Archer |
| 23:22 | Crear | Villager (Male) |
| 23:23 | Crear | Villager (Male) |
| 24:07 | Construir | Castle |
| 25:23 | Investigar | Crossbowman (upgrade) |
| 25:32 | Investigar | Bodkin Arrow |
| 26:01 | Construir | Lumber Camp |
| 27:25 | Crear | Villager (Male) |
| 27:25 | Crear | Villager (Male) |
| 27:25 | Crear | Villager (Male) |
| 27:26 | Crear | Villager (Male) |
| 27:26 | Crear | Villager (Male) |
| 27:27 | Crear | Villager (Male) |
| 27:30 | Crear | Archer |
| 27:30 | Crear | Archer |
| 27:31 | Crear | Archer |
| 27:31 | Crear | Archer |
| 27:31 | Crear | Archer |
| 27:32 | Crear | Archer |
| 28:33 | Crear | Villager (Male) |
| 28:34 | Crear | Villager (Male) |
| 28:38 | Construir | Farm |
| 28:38 | Construir | Farm |
| 29:29 | Construir | Farm |
| 29:30 | Construir | Farm |
| 29:30 | Construir | Farm |
| 29:42 | Crear | Villager (Male) |
| 30:20 | Crear | Villager (Male) |
| 30:20 | Crear | Villager (Male) |
| 30:21 | Crear | Villager (Male) |
| 30:28 | Construir | Farm |
| 30:34 | Construir | Farm |
| 30:48 | Investigar | Gold Mining |
| 30:51 | Crear | Villager (Male) |
| 31:14 | Crear | Archer |
| 31:14 | Crear | Archer |
| 31:20 | Crear | Archer |
| 31:40 | Construir | Farm |
| 31:40 | Construir | Farm |
| 31:50 | Crear | Villager (Male) |
| 31:51 | Crear | Villager (Male) |
| 31:51 | Crear | Villager (Male) |
| 31:51 | Crear | Villager (Male) |
| 31:52 | Crear | Villager (Male) |
| 31:53 | Crear | Villager (Male) |
| 32:30 | Crear | Villager (Male) |
| 32:31 | Crear | Villager (Male) |
| 32:31 | Crear | Villager (Male) |
| 32:31 | Crear | Villager (Male) |
| 33:11 | Construir | Farm |
| 34:50 | Crear | Villager (Male) |
| 34:50 | Crear | Villager (Male) |
| 34:51 | Crear | Villager (Male) |
| 34:51 | Crear | Villager (Male) |
| 34:51 | Crear | Villager (Male) |
| 34:52 | Crear | Villager (Male) |
| 35:00 | Construir | Farm |
| 37:19 | Construir | Stone Wall |
| 37:45 | Construir | Watch Tower |
| 38:40 | Construir | Watch Tower |
| 39:14 | Construir | University |
Build order — ☘[4:20]☘Rolando Mottha del C
Primeras 150 de 283 acciones detectadas
| 0:00 | Crear | Villager (Male) |
| 0:01 | Crear | Villager (Male) |
| 0:02 | Construir | House |
| 0:03 | Construir | House |
| 0:43 | Crear | Villager (Male) |
| 0:43 | Crear | Villager (Male) |
| 1:42 | Crear | Villager (Male) |
| 1:42 | Crear | Villager (Male) |
| 1:43 | Crear | Villager (Male) |
| 2:13 | Crear | Villager (Male) |
| 2:16 | Construir | Lumber Camp |
| 2:47 | Crear | Villager (Male) |
| 2:48 | Crear | Villager (Male) |
| 3:41 | Construir | House |
| 4:14 | Crear | Villager (Male) |
| 4:14 | Crear | Villager (Male) |
| 4:43 | Construir | Mill |
| 5:11 | Crear | Villager (Male) |
| 5:12 | Crear | Villager (Male) |
| 5:35 | Investigar | Loom |
| 6:35 | Investigar | Feudal Age |
| 6:46 | Construir | House |
| 6:57 | Construir | Palisade Wall |
| 7:02 | Construir | Palisade Wall |
| 7:03 | Construir | Palisade Wall |
| 7:33 | Construir | Barracks |
| 8:24 | Crear | Villager (Male) |
| 8:26 | Crear | Villager (Male) |
| 8:45 | Edad | Edad Feudal |
| 8:47 | Construir | Stable |
| 8:57 | Investigar | Double-Bit Axe |
| 9:27 | Construir | Farm |
| 9:29 | Investigar | Horse Collar |
| 9:45 | Crear | Villager (Male) |
| 9:47 | Construir | Farm |
| 10:04 | Crear | Spearman |
| 10:09 | Construir | Farm |
| 10:26 | Crear | Villager (Male) |
| 10:30 | Construir | Farm |
| 10:49 | Construir | Farm |
| 10:51 | Crear | Villager (Male) |
| 11:11 | Crear | Villager (Male) |
| 11:13 | Construir | Farm |
| 11:16 | Crear | Spearman |
| 11:33 | Crear | Scout Cavalry |
| 11:36 | Construir | House |
| 11:50 | Construir | Farm |
| 12:09 | Crear | Scout Cavalry |
| 12:11 | Crear | Villager (Male) |
| 12:16 | Crear | Spearman |
| 12:29 | Construir | Farm |
| 12:33 | Construir | House |
| 12:35 | Construir | House |
| 12:50 | Crear | Villager (Male) |
| 12:54 | Construir | Farm |
| 12:57 | Construir | Farm |
| 13:09 | Crear | Scout Cavalry |
| 13:18 | Crear | Villager (Male) |
| 13:21 | Construir | Farm |
| 13:42 | Crear | Scout Cavalry |
| 13:50 | Construir | Farm |
| 13:51 | Crear | Villager (Male) |
| 14:19 | Crear | Villager (Male) |
| 14:20 | Crear | Scout Cavalry |
| 14:23 | Construir | Farm |
| 14:34 | Crear | Villager (Male) |
| 14:49 | Crear | Villager (Male) |
| 14:51 | Construir | Farm |
| 15:03 | Crear | Scout Cavalry |
| 15:04 | Crear | Villager (Male) |
| 15:05 | Crear | Villager (Male) |
| 15:24 | Crear | Scout Cavalry |
| 15:26 | Crear | Villager (Male) |
| 15:26 | Crear | Villager (Male) |
| 15:28 | Construir | Farm |
| 15:30 | Construir | Farm |
| 15:49 | Construir | Mining Camp |
| 16:20 | Crear | Scout Cavalry |
| 16:27 | Construir | Blacksmith |
| 16:29 | Construir | House |
| 16:38 | Crear | Villager (Male) |
| 17:01 | Crear | Villager (Male) |
| 17:04 | Construir | House |
| 17:06 | Construir | House |
| 17:07 | Construir | Palisade Wall |
| 17:21 | Construir | House |
| 17:22 | Construir | Palisade Wall |
| 17:28 | Investigar | Wheelbarrow |
| 17:48 | Crear | Scout Cavalry |
| 18:17 | Construir | Market |
| 18:47 | Investigar | Castle Age |
| 18:59 | Construir | Farm |
| 19:04 | Investigar | Gold Mining |
| 19:31 | Crear | Scout Cavalry |
| 19:35 | Investigar | Bloodlines |
| 19:50 | Construir | Stable |
| 20:19 | Crear | Scout Cavalry |
| 20:19 | Crear | Scout Cavalry |
| 20:26 | Investigar | Scale Barding Armor |
| 21:05 | Investigar | Forging |
| 21:27 | Edad | Edad de los Castillos |
| 21:37 | Investigar | Husbandry |
| 21:38 | Crear | Knight |
| 21:41 | Construir | Stable |
| 21:51 | Crear | Villager (Male) |
| 21:53 | Crear | Knight |
| 22:38 | Crear | Knight |
| 22:38 | Crear | Knight |
| 22:40 | Investigar | Light Cavalry (upgrade) |
| 22:49 | Crear | Villager (Male) |
| 22:49 | Crear | Villager (Male) |
| 23:06 | Construir | Lumber Camp |
| 23:21 | Crear | Knight |
| 23:22 | Crear | Knight |
| 23:22 | Crear | Knight |
| 23:55 | Crear | Knight |
| 23:55 | Crear | Knight |
| 23:56 | Crear | Knight |
| 23:56 | Crear | Knight |
| 23:59 | Crear | Villager (Male) |
| 24:04 | Construir | House |
| 24:05 | Construir | House |
| 24:06 | Construir | House |
| 24:41 | Crear | Knight |
| 24:41 | Crear | Knight |
| 24:42 | Crear | Knight |
| 24:42 | Crear | Knight |
| 24:43 | Crear | Villager (Male) |
| 25:12 | Crear | Knight |
| 25:12 | Crear | Knight |
| 25:13 | Crear | Villager (Male) |
| 25:14 | Crear | Villager (Male) |
| 25:14 | Crear | Villager (Male) |
| 25:36 | Construir | House |
| 25:54 | Crear | Knight |
| 25:55 | Crear | Knight |
| 25:55 | Crear | Knight |
| 26:06 | Crear | Villager (Male) |
| 26:06 | Crear | Villager (Male) |
| 26:06 | Crear | Villager (Male) |
| 26:10 | Construir | House |
| 26:11 | Construir | House |
| 26:13 | Construir | House |
| 26:20 | Investigar | Bow Saw |
| 26:41 | Crear | Knight |
| 26:41 | Crear | Knight |
| 26:43 | Crear | Villager (Male) |
| 27:15 | Crear | Knight |
| 27:16 | Crear | Knight |
| 27:20 | Crear | Knight |
Build order — Bomboroyo
139 acciones detectadas en el replay
| 0:02 | Crear | Villager (Male) |
| 0:02 | Crear | Villager (Male) |
| 0:02 | Crear | Villager (Male) |
| 0:02 | Crear | Villager (Male) |
| 0:04 | Construir | House |
| 0:06 | Construir | House |
| 0:46 | Investigar | Loom |
| 1:33 | Crear | Villager (Male) |
| 1:59 | Construir | Lumber Camp |
| 2:06 | Crear | Villager (Male) |
| 2:26 | Construir | Lumber Camp |
| 3:03 | Crear | Villager (Male) |
| 3:03 | Crear | Villager (Male) |
| 3:16 | Crear | Villager (Male) |
| 3:17 | Crear | Villager (Male) |
| 3:59 | Crear | Villager (Male) |
| 4:52 | Crear | Villager (Male) |
| 5:02 | Construir | House |
| 5:23 | Crear | Villager (Male) |
| 5:50 | Crear | Villager (Male) |
| 5:50 | Crear | Villager (Male) |
| 6:11 | Crear | Villager (Male) |
| 6:40 | Crear | Villager (Male) |
| 6:41 | Crear | Villager (Male) |
| 6:41 | Crear | Villager (Male) |
| 6:41 | Crear | Villager (Male) |
| 6:42 | Crear | Villager (Male) |
| 6:48 | Construir | House |
| 6:52 | Construir | Mill |
| 7:22 | Construir | Mill |
| 8:02 | Crear | Villager (Male) |
| 8:03 | Crear | Villager (Male) |
| 8:49 | Construir | Farm |
| 8:54 | Construir | Farm |
| 9:12 | Investigar | Feudal Age |
| 9:17 | Construir | Farm |
| 10:20 | Construir | Barracks |
| 10:23 | Construir | House |
| 10:27 | Construir | House |
| 11:09 | Construir | House |
| 11:11 | Construir | House |
| 11:13 | Construir | House |
| 11:22 | Edad | Edad Feudal |
| 11:27 | Crear | Villager (Male) |
| 11:27 | Crear | Villager (Male) |
| 11:28 | Crear | Villager (Male) |
| 11:37 | Investigar | Double-Bit Axe |
| 12:32 | Construir | Farm |
| 12:47 | Construir | Stable |
| 13:05 | Construir | Stable |
| 13:33 | Crear | Spearman |
| 13:34 | Crear | Spearman |
| 14:20 | Crear | Spearman |
| 14:20 | Crear | Spearman |
| 14:44 | Construir | Watch Tower |
| 14:50 | Construir | House |
| 14:55 | Construir | House |
| 14:58 | Construir | House |
| 15:05 | Construir | House |
| 15:38 | Crear | Villager (Male) |
| 15:39 | Crear | Villager (Male) |
| 15:44 | Construir | Mining Camp |
| 17:22 | Construir | Farm |
| 17:35 | Construir | Blacksmith |
| 17:45 | Crear | Scout Cavalry |
| 17:45 | Crear | Scout Cavalry |
| 18:14 | Crear | Villager (Male) |
| 18:15 | Crear | Villager (Male) |
| 18:21 | Construir | Farm |
| 18:22 | Construir | Farm |
| 18:27 | Construir | Farm |
| 18:28 | Construir | Farm |
| 19:18 | Crear | Villager (Male) |
| 19:55 | Construir | Farm |
| 20:38 | Investigar | Castle Age |
| 21:37 | Crear | Spearman |
| 21:38 | Crear | Spearman |
| 22:09 | Construir | Mining Camp |
| 22:18 | Construir | Farm |
| 22:21 | Construir | Farm |
| 23:18 | Edad | Edad de los Castillos |
| 24:15 | Investigar | Forging |
| 24:16 | Investigar | Scale Barding Armor |
| 24:33 | Construir | Town Center |
| 25:01 | Crear | Spearman |
| 26:22 | Investigar | Pikeman (upgrade) |
| 27:46 | Crear | Spearman |
| 27:46 | Crear | Spearman |
| 27:46 | Crear | Spearman |
| 27:58 | Construir | Barracks |
| 28:11 | Construir | House |
| 28:51 | Crear | Spearman |
| 28:51 | Crear | Spearman |
| 28:52 | Crear | Spearman |
| 28:52 | Crear | Spearman |
| 28:52 | Crear | Spearman |
| 29:07 | Crear | Villager (Male) |
| 29:07 | Crear | Villager (Male) |
| 29:08 | Crear | Villager (Male) |
| 29:08 | Crear | Villager (Male) |
| 29:08 | Crear | Villager (Male) |
| 29:44 | Crear | Villager (Male) |
| 29:44 | Crear | Villager (Male) |
| 29:45 | Crear | Villager (Male) |
| 30:01 | Crear | Villager (Male) |
| 30:01 | Crear | Villager (Male) |
| 31:03 | Crear | Villager (Male) |
| 31:04 | Crear | Villager (Male) |
| 31:04 | Crear | Villager (Male) |
| 31:04 | Crear | Villager (Male) |
| 31:04 | Crear | Villager (Male) |
| 31:40 | Crear | Villager (Male) |
| 31:41 | Crear | Villager (Male) |
| 31:41 | Crear | Villager (Male) |
| 31:41 | Crear | Villager (Male) |
| 33:54 | Construir | Castle |
| 34:05 | Crear | Villager (Male) |
| 34:05 | Crear | Villager (Male) |
| 34:05 | Crear | Villager (Male) |
| 34:06 | Crear | Villager (Male) |
| 34:07 | Investigar | Wheelbarrow |
| 34:24 | Crear | Knight |
| 34:25 | Crear | Knight |
| 34:55 | Investigar | Gold Mining |
| 34:57 | Crear | Villager (Male) |
| 34:58 | Crear | Villager (Male) |
| 35:25 | Crear | Knight |
| 35:25 | Crear | Knight |
| 35:30 | Crear | Knight |
| 36:00 | Crear | Villager (Male) |
| 36:01 | Crear | Villager (Male) |
| 36:15 | Construir | Farm |
| 36:16 | Construir | Farm |
| 36:16 | Construir | Farm |
| 36:16 | Construir | Farm |
| 36:31 | Crear | Villager (Male) |
| 36:31 | Crear | Villager (Male) |
| 36:32 | Crear | Villager (Male) |
| 36:41 | Crear | Knight |
Build order — RuZz
Primeras 150 de 202 acciones detectadas
| 0:01 | Crear | Villager (Male) |
| 0:01 | Crear | Villager (Male) |
| 0:03 | Construir | House |
| 0:05 | Construir | House |
| 0:10 | Crear | Villager (Male) |
| 0:10 | Crear | Villager (Male) |
| 0:10 | Crear | Villager (Male) |
| 1:37 | Crear | Villager (Male) |
| 1:55 | Construir | Lumber Camp |
| 2:01 | Crear | Villager (Male) |
| 2:22 | Crear | Villager (Male) |
| 2:22 | Crear | Villager (Male) |
| 2:54 | Crear | Villager (Male) |
| 2:58 | Investigar | Loom |
| 2:58 | Investigar | Loom |
| 3:00 | Crear | Villager (Male) |
| 3:32 | Construir | House |
| 3:37 | Crear | Villager (Male) |
| 4:01 | Crear | Villager (Male) |
| 4:50 | Construir | Mill |
| 5:04 | Crear | Villager (Male) |
| 5:05 | Crear | Villager (Male) |
| 5:05 | Crear | Villager (Male) |
| 5:06 | Crear | Villager (Male) |
| 6:16 | Crear | Villager (Male) |
| 6:16 | Crear | Villager (Male) |
| 6:17 | Crear | Villager (Male) |
| 6:17 | Crear | Villager (Male) |
| 6:18 | Crear | Villager (Male) |
| 6:40 | Crear | Villager (Male) |
| 7:34 | Investigar | Feudal Age |
| 7:34 | Investigar | Feudal Age |
| 7:53 | Construir | Barracks |
| 7:54 | Construir | House |
| 9:44 | Edad | Edad Feudal |
| 9:47 | Construir | Stable |
| 9:49 | Investigar | Wheelbarrow |
| 9:49 | Crear | Villager (Male) |
| 10:08 | Crear | Villager (Male) |
| 10:17 | Construir | Farm |
| 10:33 | Crear | Scout Cavalry |
| 10:33 | Crear | Scout Cavalry |
| 10:33 | Crear | Scout Cavalry |
| 10:45 | Construir | Palisade Wall |
| 10:47 | Construir | House |
| 10:55 | Crear | Villager (Male) |
| 11:05 | Construir | Farm |
| 11:19 | Construir | House |
| 11:28 | Construir | Farm |
| 11:29 | Crear | Villager (Male) |
| 11:39 | Crear | Scout Cavalry |
| 12:01 | Construir | Palisade Wall |
| 12:13 | Crear | Villager (Male) |
| 12:16 | Crear | Scout Cavalry |
| 12:18 | Crear | Villager (Male) |
| 12:24 | Construir | House |
| 12:29 | Construir | Blacksmith |
| 12:35 | Crear | Villager (Male) |
| 12:51 | Construir | Farm |
| 12:52 | Crear | Villager (Male) |
| 12:58 | Construir | Palisade Wall |
| 13:03 | Construir | Palisade Wall |
| 13:06 | Crear | Villager (Male) |
| 13:19 | Construir | Farm |
| 13:28 | Construir | Palisade Wall |
| 13:32 | Construir | Palisade Wall |
| 13:35 | Crear | Villager (Male) |
| 13:37 | Construir | Farm |
| 13:49 | Investigar | Scale Barding Armor |
| 13:49 | Investigar | Scale Barding Armor |
| 14:00 | Investigar | Forging |
| 14:54 | Crear | Villager (Male) |
| 14:57 | Crear | Scout Cavalry |
| 14:57 | Crear | Scout Cavalry |
| 14:57 | Crear | Scout Cavalry |
| 15:06 | Construir | Mining Camp |
| 15:13 | Construir | Farm |
| 15:16 | Construir | House |
| 15:19 | Construir | Farm |
| 15:21 | Construir | Farm |
| 15:22 | Investigar | Horse Collar |
| 15:22 | Investigar | Horse Collar |
| 15:41 | Crear | Villager (Male) |
| 15:44 | Construir | Farm |
| 15:52 | Construir | Farm |
| 15:54 | Crear | Villager (Male) |
| 16:06 | Crear | Scout Cavalry |
| 16:29 | Construir | Farm |
| 16:35 | Crear | Villager (Male) |
| 16:49 | Construir | Farm |
| 17:13 | Crear | Villager (Male) |
| 17:14 | Crear | Villager (Male) |
| 17:16 | Construir | Farm |
| 18:11 | Construir | Farm |
| 18:19 | Crear | Villager (Male) |
| 18:20 | Crear | Villager (Male) |
| 19:05 | Construir | Farm |
| 19:10 | Crear | Villager (Male) |
| 19:12 | Construir | Farm |
| 19:29 | Construir | Market |
| 20:13 | Investigar | Castle Age |
| 20:46 | Construir | Stable |
| 20:54 | Investigar | Bloodlines |
| 20:55 | Investigar | Bloodlines |
| 21:42 | Construir | Stable |
| 21:49 | Construir | House |
| 21:57 | Construir | House |
| 22:06 | Investigar | Scale Barding Armor |
| 22:53 | Edad | Edad de los Castillos |
| 22:56 | Crear | Steppe Lancer |
| 22:57 | Crear | Steppe Lancer |
| 22:57 | Crear | Steppe Lancer |
| 23:00 | Investigar | Chain Barding Armor |
| 23:01 | Crear | Villager (Male) |
| 23:23 | Construir | Town Center |
| 24:06 | Crear | Steppe Lancer |
| 24:06 | Crear | Steppe Lancer |
| 24:06 | Crear | Steppe Lancer |
| 25:04 | Crear | Villager (Male) |
| 25:10 | Crear | Steppe Lancer |
| 25:10 | Crear | Steppe Lancer |
| 26:01 | Crear | Villager (Male) |
| 26:01 | Crear | Villager (Male) |
| 26:02 | Crear | Villager (Male) |
| 26:15 | Construir | Farm |
| 26:28 | Crear | Steppe Lancer |
| 26:28 | Crear | Steppe Lancer |
| 26:29 | Crear | Steppe Lancer |
| 26:46 | Crear | Villager (Male) |
| 26:47 | Crear | Villager (Male) |
| 27:04 | Crear | Steppe Lancer |
| 27:04 | Crear | Steppe Lancer |
| 27:04 | Crear | Steppe Lancer |
| 27:08 | Construir | Farm |
| 27:18 | Construir | Monastery |
| 27:21 | Crear | Villager (Male) |
| 27:21 | Crear | Villager (Male) |
| 27:30 | Crear | Villager (Male) |
| 27:30 | Crear | Villager (Male) |
| 27:36 | Crear | Villager (Male) |
| 27:49 | Crear | Villager (Male) |
| 27:57 | Crear | Villager (Male) |
| 27:57 | Crear | Villager (Male) |
| 28:01 | Crear | Villager (Male) |
| 28:06 | Crear | Monk |
| 28:10 | Crear | Villager (Male) |
| 28:10 | Crear | Villager (Male) |
| 28:18 | Construir | Farm |
| 28:21 | Construir | Farm |
| 28:34 | Crear | Villager (Male) |
Build order — ☘ [4:20] ☘ Raperz11
Primeras 150 de 268 acciones detectadas
| 0:02 | Construir | House |
| 0:04 | Construir | House |
| 0:54 | Crear | Villager (Male) |
| 0:54 | Crear | Villager (Male) |
| 0:55 | Crear | Villager (Male) |
| 0:55 | Crear | Villager (Male) |
| 2:17 | Crear | Villager (Male) |
| 2:20 | Crear | Villager (Male) |
| 2:39 | Construir | Lumber Camp |
| 3:07 | Crear | Villager (Male) |
| 3:08 | Crear | Villager (Male) |
| 3:09 | Investigar | Loom |
| 4:01 | Construir | House |
| 4:02 | Construir | House |
| 4:08 | Crear | Villager (Male) |
| 4:09 | Crear | Villager (Male) |
| 5:14 | Crear | Villager (Male) |
| 5:14 | Crear | Villager (Male) |
| 5:37 | Construir | Mill |
| 5:42 | Crear | Villager (Male) |
| 5:42 | Crear | Villager (Male) |
| 7:08 | Crear | Villager (Male) |
| 7:08 | Crear | Villager (Male) |
| 7:25 | Crear | Villager (Male) |
| 8:00 | Crear | Villager (Male) |
| 8:05 | Crear | Villager (Male) |
| 8:24 | Construir | Mining Camp |
| 8:33 | Construir | House |
| 8:53 | Crear | Villager (Male) |
| 8:56 | Crear | Villager (Male) |
| 9:22 | Investigar | Feudal Age |
| 10:15 | Construir | Farm |
| 10:17 | Construir | Farm |
| 10:22 | Construir | Farm |
| 11:24 | Construir | Farm |
| 11:38 | Construir | Farm |
| 12:00 | Construir | Mill |
| 12:08 | Crear | Villager (Male) |
| 12:08 | Crear | Villager (Male) |
| 12:14 | Edad | Edad Feudal |
| 12:17 | Construir | Market |
| 12:22 | Construir | Blacksmith |
| 12:29 | Construir | House |
| 12:37 | Crear | Villager (Male) |
| 12:44 | Construir | Farm |
| 13:52 | Construir | Farm |
| 14:02 | Investigar | Castle Age |
| 14:20 | Construir | Lumber Camp |
| 14:31 | Crear | Villager (Male) |
| 14:36 | Construir | House |
| 14:51 | Crear | Villager (Male) |
| 15:32 | Investigar | Double-Bit Axe |
| 16:42 | Edad | Edad de los Castillos |
| 16:44 | Crear | Villager (Male) |
| 16:48 | Construir | Siege Workshop |
| 16:52 | Construir | Siege Workshop |
| 17:05 | Crear | Villager (Male) |
| 17:22 | Construir | House |
| 17:31 | Crear | Unit 1962 |
| 17:32 | Crear | Unit 1962 |
| 17:32 | Crear | Unit 1962 |
| 17:32 | Crear | Unit 1962 |
| 17:45 | Crear | Unit 1962 |
| 17:45 | Crear | Unit 1962 |
| 17:51 | Crear | Unit 1962 |
| 17:59 | Construir | Farm |
| 18:02 | Construir | Farm |
| 18:03 | Crear | Villager (Male) |
| 18:06 | Construir | Farm |
| 18:18 | Construir | Palisade Wall |
| 18:25 | Construir | House |
| 18:27 | Construir | House |
| 18:36 | Crear | Unit 1962 |
| 18:54 | Construir | Monastery |
| 19:01 | Construir | Palisade Wall |
| 19:03 | Crear | Villager (Male) |
| 19:04 | Crear | Villager (Male) |
| 19:13 | Construir | Farm |
| 19:15 | Construir | Farm |
| 19:19 | Crear | Unit 1962 |
| 19:19 | Crear | Unit 1962 |
| 19:40 | Construir | Farm |
| 19:43 | Crear | Villager (Male) |
| 19:48 | Crear | Monk |
| 20:13 | Crear | Unit 1962 |
| 20:44 | Crear | Unit 1962 |
| 20:45 | Crear | Villager (Male) |
| 20:46 | Crear | Villager (Male) |
| 20:57 | Construir | Mining Camp |
| 21:47 | Crear | Villager (Male) |
| 21:48 | Crear | Villager (Male) |
| 21:48 | Crear | Villager (Male) |
| 22:09 | Crear | Monk |
| 22:09 | Crear | Villager (Male) |
| 22:10 | Crear | Villager (Male) |
| 22:12 | Investigar | Wheelbarrow |
| 22:40 | Crear | Villager (Male) |
| 23:21 | Investigar | Fletching |
| 23:47 | Construir | Barracks |
| 23:51 | Crear | Villager (Male) |
| 23:59 | Construir | Town Center |
| 24:06 | Crear | Villager (Male) |
| 24:14 | Construir | House |
| 25:02 | Crear | Unit 1962 |
| 25:03 | Crear | Unit 1962 |
| 25:03 | Crear | Unit 1962 |
| 25:24 | Crear | Unit 1962 |
| 25:27 | Crear | Villager (Male) |
| 25:27 | Crear | Villager (Male) |
| 25:27 | Crear | Villager (Male) |
| 25:27 | Crear | Villager (Male) |
| 25:28 | Crear | Villager (Male) |
| 25:28 | Crear | Villager (Male) |
| 25:28 | Crear | Villager (Male) |
| 25:28 | Crear | Villager (Male) |
| 25:45 | Crear | Villager (Male) |
| 25:45 | Crear | Villager (Male) |
| 25:57 | Crear | Villager (Male) |
| 25:58 | Crear | Villager (Male) |
| 26:16 | Construir | Town Center |
| 26:21 | Construir | Farm |
| 26:24 | Construir | Farm |
| 26:24 | Construir | Farm |
| 26:25 | Construir | Farm |
| 26:25 | Construir | Farm |
| 26:25 | Construir | Farm |
| 26:25 | Construir | Farm |
| 26:25 | Construir | Farm |
| 26:29 | Crear | Villager (Male) |
| 26:30 | Crear | Villager (Male) |
| 26:30 | Crear | Villager (Male) |
| 27:19 | Crear | Villager (Male) |
| 27:20 | Crear | Villager (Male) |
| 27:27 | Crear | Unit 1962 |
| 27:27 | Crear | Unit 1962 |
| 27:28 | Crear | Unit 1962 |
| 27:28 | Crear | Unit 1962 |
| 27:31 | Construir | House |
| 27:38 | Construir | House |
| 27:40 | Crear | Villager (Male) |
| 27:40 | Crear | Villager (Male) |
| 27:40 | Crear | Villager (Male) |
| 28:10 | Crear | Battering Ram |
| 28:11 | Crear | Battering Ram |
| 28:12 | Crear | Villager (Male) |
| 28:12 | Crear | Villager (Male) |
| 28:12 | Crear | Villager (Male) |
| 28:15 | Construir | Farm |
| 28:15 | Construir | Farm |
| 28:48 | Construir | Farm |
Cronología de la partida
| 6:57 | ☘[4:20]☘Rolando Mottha del C · wall_segment Palisade Wall x5 |
| 7:02 | ☘[4:20]☘Rolando Mottha del C · wall_segment Palisade Wall x1 |
| 7:03 | ☘[4:20]☘Rolando Mottha del C · wall_segment Palisade Wall x1 |
| 7:33 | ☘[4:20]☘Rolando Mottha del C · first_building Barracks |
| 7:53 | RuZz · first_building Barracks |
| 8:45 | ☘[4:20]☘Rolando Mottha del C · age_up feudal |
| 8:47 | ☘[4:20]☘Rolando Mottha del C · first_building Stable |
| 9:14 | Moneymaker9595 · first_building Barracks |
| 9:44 | RuZz · age_up feudal |
| 9:47 | RuZz · first_building Stable |
| 9:52 | Moneymaker9595 · age_up feudal |
| 10:02 | Moneymaker9595 · first_building Archery Range |
| 10:20 | Bomboroyo · first_building Barracks |
| 10:35 | Catamenio · age_up feudal |
| 10:45 | RuZz · wall_segment Palisade Wall x12 |
| 11:22 | Bomboroyo · age_up feudal |
| 12:01 | RuZz · wall_segment Palisade Wall x11 |
| 12:14 | ☘ [4:20] ☘ Raperz11 · age_up feudal |
| 12:47 | Bomboroyo · first_building Stable |
| 12:58 | RuZz · wall_segment Palisade Wall x3 |
| 13:03 | RuZz · wall_segment Palisade Wall x4 |
| 13:28 | RuZz · wall_segment Palisade Wall x1 |
| 13:30 | ☘ [4:20] ☘ Raperz11 · first_market_sell 100 wood |
| 13:32 | RuZz · wall_segment Palisade Wall x1 |
| 13:32 | ☘ [4:20] ☘ Raperz11 · first_market_buy 100 food |
| 14:00 | Catamenio · wall_segment Palisade Wall x12 |
| 14:38 | Catamenio · first_building Barracks |
| 15:03 | Catamenio · age_up castle |
| 16:42 | ☘ [4:20] ☘ Raperz11 · age_up castle |
| 16:48 | ☘ [4:20] ☘ Raperz11 · first_building Siege Workshop |
| 17:07 | Catamenio · wall_segment Palisade Wall x1 |
| 17:07 | ☘[4:20]☘Rolando Mottha del C · wall_segment Palisade Wall x1 |
| 17:22 | ☘[4:20]☘Rolando Mottha del C · wall_segment Palisade Wall x1 |
| 18:18 | ☘ [4:20] ☘ Raperz11 · wall_segment Palisade Wall x1 |
| 18:54 | ☘ [4:20] ☘ Raperz11 · first_building Monastery |
| 19:01 | ☘ [4:20] ☘ Raperz11 · wall_segment Palisade Wall x8 |
| 19:13 | Catamenio · first_building Archery Range |
| 21:27 | ☘[4:20]☘Rolando Mottha del C · age_up castle |
| 22:01 | Catamenio · first_market_buy 100 food |
| 22:53 | RuZz · age_up castle |
| 23:18 | Bomboroyo · age_up castle |
| 23:47 | ☘ [4:20] ☘ Raperz11 · first_building Barracks |
| 24:07 | Catamenio · first_building Castle |
| 26:24 | ☘[4:20]☘Rolando Mottha del C · first_market_sell 100 wood |
| 26:28 | ☘[4:20]☘Rolando Mottha del C · first_market_buy 100 food |
| 27:18 | RuZz · first_building Monastery |
| 28:14 | ☘[4:20]☘Rolando Mottha del C · tribute_sent a jugador 1 |
| 28:14 | ☘[4:20]☘Rolando Mottha del C · tribute_sent a jugador 3 |
| 28:14 | ☘[4:20]☘Rolando Mottha del C · tribute_sent a jugador 4 |
| 28:14 | ☘[4:20]☘Rolando Mottha del C · tribute_sent a jugador 5 |
| 28:14 | ☘[4:20]☘Rolando Mottha del C · tribute_sent a jugador 6 |
| 28:25 | ☘ [4:20] ☘ Raperz11 · tribute_sent a jugador 1 |
| 28:25 | ☘ [4:20] ☘ Raperz11 · tribute_sent a jugador 2 |
| 28:25 | ☘ [4:20] ☘ Raperz11 · tribute_sent a jugador 3 |
| 28:25 | ☘ [4:20] ☘ Raperz11 · tribute_sent a jugador 4 |
| 28:25 | ☘ [4:20] ☘ Raperz11 · tribute_sent a jugador 5 |
| 31:13 | Catamenio · first_market_sell 100 wood |
| 31:21 | Moneymaker9595 · age_up castle |
| 32:07 | Moneymaker9595 · first_building Siege Workshop |
| 33:51 | ☘ [4:20] ☘ Raperz11 · first_building Castle |
| 33:54 | Bomboroyo · first_building Castle |
| 34:02 | RuZz · first_building Siege Workshop |
| 36:49 | RuZz · resign |
| 37:19 | Catamenio · wall_segment Stone Wall x3 |
| 38:47 | ☘ [4:20] ☘ Raperz11 · age_up imperial |
[ ANÁLISIS IA · 1 CRÉDITO ]
¿Qué pasó realmente en esta partida?
Wolo.gg analiza cada decisión: build order, eco, micro, errores típicos por bracket. Análisis personalizado por WhatsApp o Discord en 30 segundos.
Guía civ
Tupíes
Perfil
Jugador #2958633